 Dungeon Crawl Stone Soup version 0.22.1-1-ga44c0e56f4 (webtiles) character file.

4 Ivernyr the Magician (level 1, 0/15 HPs)
             Began as a Naga Wizard on Oct 21, 2018.
             Slain by a kobold
             ... wielding a +0 short sword
              (5 damage)
             ... on level 1 of the Dungeon.
             The game lasted 00:00:47 (154 turns).

Ivernyr the Magician (Naga Wizard)                   Turns: 154, Time: 00:00:47

Health: 0/15       AC:  1    Str:  9    XL:     1   Next: 70%
Magic:  0/4        EV: 10    Int: 18    God:
Gold:   6          SH:  0    Dex:  9    Spells: 5/6 levels left

rFire    . . .     SeeInvis +   e - +0 spear
rCold    . . .     Gourm    .   (no shield)
rNeg     . . .     Faith    .   a - +0 robe
rPois    +         Spirit   .   b - +0 hat
rElec    .         Reflect  .   (no cloak)
rCorr    .         Harm     .   (no gloves)
MR       .....                  (no barding)
Stlth    ++........             (no amulet)
HPRegen  0.05/turn              (no ring)
MPRegen  0.09/turn              (no ring)

@: short of breath, very slow
A: large, see invisible, deformed body, poison resistance, slowness 2, slow
metabolism 1, spit poison 1, AC +0
a: Spit Poison


You were on level 1 of the Dungeon.
You were not hungry.

You visited 1 branch of the dungeon, and saw 1 of its levels.

You collected 6 gold pieces.

Inventory:

Hand Weapons
 e - a +0 spear (weapon)
Armour
 a - a +0 robe (worn)
 b - a +0 hat (worn)
Scrolls
 c - a scroll of teleportation {unknown}
 f - a scroll of fog {unknown}
Potions
 g - a potion of brilliance {unknown}
Comestibles
 d - a ration


   Skills:
 - Level 1.5 Dodging
 - Level 3.0 Stealth
 + Level 3.1 Spellcasting
 + Level 1.3 Conjurations
   Level 1.0 Summonings
   Level 1.0 Translocations


You had 5 spell levels left.
You knew the following spells:

 Your Spells              Type           Power        Failure   Level  Hunger
a - Magic Dart            Conj           #...         10%         1    None

Your spell library contained the following spells:

 Spells                   Type           Power        Failure   Level  Hunger
 Blink                    Tloc           N/A          16%         2    ##.....
 Call Imp                 Summ           #.......     16%         2    ##.....
 Slow                     Hex            #.......     24%         2    ##.....
 Conjure Flame            Conj/Fire      #.......     36%         3    ###....
 Mephitic Cloud           Conj/Pois/Air  #.......     38%         3    ###....


Dungeon Overview and Level Annotations

Branches:
Dungeon (1/15)

Altars:


Innate Abilities, Weirdness & Mutations

You cannot wear boots.
Your serpentine skin is tough. (AC +0)
You have supernaturally acute eyesight. (SInv)
Armour fits poorly on your strangely shaped body.
Your system is resistant to poisons. (rPois)
You cover ground very slowly.
You have a slow metabolism.
You can spit poison.


Message History

Press: ? - help, Shift-Dir - straight line, f/p - jackal
Aim: a jackal (moderately wounded)
The magic dart hits the jackal.
The jackal is heavily wounded.
The jackal closely misses you. The kobold hits you with a short sword.
Casting: Magic Dart (safe; 10% risk of failure)
Confirm with . or Enter, or press ? or * to list all spells.
You don't have enough magic to cast that spell.
No previous command to re-do.
No previous command to re-do.
Press: ? - help, Shift-Dir - straight line, f/p - jackal
Aim: a jackal (moderately wounded)
The splash of poison misses the jackal.
The splash of poison hits the jackal.
You kill the jackal!
You feel slightly more hungry. The jackal barely misses you.
The jackal bites you. The kobold hits you with a short sword.
You barely miss the jackal.
The jackal is moderately wounded.
The jackal completely misses you. The kobold hits you with a short sword.
You die...

...#..(.......##.
..........).#...
...............#
#............###.
................. #
#..##........### ..#
#.....#....# #...#
#..........###!.....
#.†##....@h...#
#..####†..K......... #..#
#..#.##.....#. ##..#
#...†.......?..
######...###..............
#.........##.........#....
#.........##.......#......
#.........##.......###....
##.........##......##


You could see a jackal and a kobold.

Vanquished Creatures
  A jackal (D:1)
  2 bats (D:1)
  A frilled lizard (D:1)
  A rat (D:1)
5 creatures vanquished.

Notes
Turn   | Place    | Note
-------+----------+-------------------------------------------
     0 | D:1      | Ivernyr the Naga Wizard began the quest for the Orb.
     0 | D:1      | Reached XP level 1. HP: 15/15 MP: 4/4
   154 | D:1      | Slain by a kobold

Action                   || total
-------------------------++-------
Melee: Spear             ||     1
 Cast: Magic Dart        ||    10
 Abil: Spit Poison       ||     1
Armor: Robe              ||     2
Dodge: Dodged            ||     4
